 Dungeon Crawl Stone Soup version 0.24-a0-279-ga7546fe (webtiles) character file.

Game seed: 2036431749408903562

30426 Hasart the Arsonist (level 13, -1/70 HPs)
             Began as a Deep Elf Fire Elementalist on May 1, 2019.
             Was a High Priest of Sif Muna.
             Slain by a porcupine (4 damage)
             ... while petrified by a basilisk
             ... on level 5 of the Lair of Beasts.
             The game lasted 00:52:02 (16404 turns).

Hasart the Arsonist (Deep Elf Fire Elementalist)   Turns: 16404, Time: 00:52:02

Health: -1/70      AC:  9    Str:  5    XL:     13   Next: 20%
Magic:  24/48      EV:  2    Int: 31    God:    Sif Muna [*****.]
Gold:   1277       SH:  0    Dex: 13    Spells: 13/34 levels left

rFire    . . .     SeeInvis .   t - +5 falchion "Cafia" {slice, rElec MP+9 Int+5 Dex-2}
rCold    . . .     Gourm    .   (no shield)
rNeg     + + +     Faith    .   B - +0 troll leather armour
rPois    ∞         Spirit   .   (no helmet)
rElec    +         Reflect  .   I - +2 cloak
rCorr    .         Harm     .   E - +0 pair of gloves
MR       +....                  (no boots)
Stlth    ++........             m - amulet of magic regeneration
HPRegen  0.61/turn              D - ring of magical power
MPRegen  0.56/turn              q - ring of poison resistance

@: petrified, studying Short Blades
A: no striking features
a: Divine Energy, Channel Magic, Forget Spell, Renounce Religion


You were on level 5 of the Lair of Beasts.
You worshipped Sif Muna.
Sif Muna was extremely pleased with you.
You were not hungry.

You visited 4 branches of the dungeon, and saw 19 of its levels.

You collected 1537 gold pieces.
You spent 260 gold pieces at shops.

Inventory:

Hand Weapons
 t - the +5 falchion "Cafia" (weapon) {slice, rElec MP+9 Int+5 Dex-2}
   (You found it on level 4 of the Dungeon)

   It inflicts extra damage upon your enemies.
   It affects your intelligence (+5).
   It affects your dexterity (-2).
   It insulates you from electricity.
   It affects your magic capacity (+9).
Armour
 B - a +0 troll leather armour (worn)
 E - a +0 pair of gloves (worn)
 I - a +2 cloak (worn)
 K - a +1 robe of cold resistance
Jewellery
 m - an amulet of magic regeneration (around neck)
 o - a +4 ring of intelligence
 q - a ring of poison resistance (right hand)
 D - a ring of magical power (left hand)
 O - an uncursed ring of protection from magic
 X - the ring of Zuddemeo {rC+ Str+4}
   (You found it on level 5 of the Lair of Beasts)

   [ring of protection from cold]

   It affects your strength (+4).
   It protects you from cold.
Wands
 a - a wand of iceblast (19)
 r - a wand of random effects (168)
 J - a wand of clouds (2)
 M - a wand of scattershot (3)
 N - a wand of digging (8)
 U - a wand of polymorph (8)
Scrolls
 e - 3 scrolls of random uselessness
 g - 9 scrolls of identify
 h - 2 scrolls of fear {unknown}
 j - 11 scrolls of remove curse
 k - 3 scrolls of enchant armour {unknown}
 l - 8 scrolls of amnesia
 n - a scroll of immolation {unknown}
 s - 2 scrolls of fog {unknown}
 u - a scroll of enchant weapon {unknown}
 y - 8 scrolls of teleportation
 z - 2 scrolls of magic mapping {unknown}
 F - 3 scrolls of blinking {unknown}
 H - a scroll of vulnerability {unknown}
 S - a scroll of noise {unknown}
 T - a scroll of acquirement {unknown}
 W - a scroll of brand weapon {unknown}
Potions
 b - 6 potions of heal wounds {unknown}
 d - 4 potions of invisibility {unknown}
 f - 4 potions of lignification {unknown}
 i - 4 potions of curing
 p - 2 potions of cancellation {unknown}
 v - 2 potions of berserk rage {unknown}
 w - a potion of agility {unknown}
 x - 2 potions of resistance {unknown}
 A - 2 potions of flight {unknown}
 C - a potion of mutation {unknown}
 G - 3 potions of degeneration {unknown}
 P - a potion of magic {unknown}
 Q - a potion of haste {unknown}
 R - a potion of brilliance {unknown}
 V - a potion of might {unknown}
Books
 Y - a manual of Short Blades
Comestibles
 c - 38 rations


   Skills:
 + Level 3.7 Fighting
 - Level 4.0 Armour
 + Level 10.2 Dodging
 - Level 2.4 Stealth
 + Level 11.0 Spellcasting
 * Level 12.5 Conjurations
 - Level 4.0 Translocations
 * Level 12.8 Fire Magic
 + Level 4.1 Earth Magic
 + Level 6.5 Invocations


You had 13 spell levels left.
You knew the following spells:

 Your Spells              Type           Power        Failure   Level  Hunger
a - Flame Tongue          Conj/Fire      #####        1%          1    None
b - Sticky Flame          Conj/Fire      #######.     1%          4    None
c - Fireball              Conj/Fire      #######...   1%          5    ##.....
d - Blink                 Tloc           N/A          1%          2    None
e - Mephitic Cloud        Conj/Pois/Air  #####...     2%          3    None
s - Iron Shot             Conj/Erth      ######....   22%         6    #####..

Your spell library contained the following spells:

 Spells                   Type           Power        Failure   Level  Hunger
 Magic Dart               Conj           ####         1%          1    None
 Throw Flame              Conj/Fire      ######       1%          2    None
 Conjure Flame            Conj/Fire      #######.     1%          3    None
 Inner Flame              Hex/Fire       ######..     1%          3    None
 Force Lance              Conj/Tloc      ######..     1%          4    None
 Fulminant Prism          Conj/Hex       ######....   3%          4    None
 Throw Icicle             Conj/Ice       ######..     3%          4    None
 Bolt of Fire             Conj/Fire      #######...   3%          6    #####..
 Beastly Appendage        Tmut           ###...       4%          1    None
 Freeze                   Ice            ###.         4%          1    None
 Call Imp                 Summ           ###.....     7%          2    None
 Ensorcelled Hibernation  Hex/Ice        ###...       7%          2    None
 Slow                     Hex            ###.....     7%          2    None
 Sticks to Snakes         Tmut           ###.....     7%          2    None
 Passage of Golubria      Tloc           N/A          9%          4    None
 Irradiate                Conj/Tmut      ######....   10%         5    ##.....
 Spider Form              Tmut/Pois      ###.......   14%         3    None
 Cause Fear               Hex            ###.......   41%         4    None
 Ice Form                 Ice/Tmut       ###.....     41%         4    None
 Blade Hands              Tmut           ###.......   77%         5    ##.....
 Silence                  Hex/Air        ###.......   77%         5    ##.....
 Yara's Violent Unravell  Hex/Tmut       ###.......   77%         5    ##.....
 Deflect Missiles         Chrm/Air       ###.......   100%        6    #####..
 Ozocubu's Refrigeration  Ice            ###.......   100%        6    #####..
 Malign Gateway           Summ/Tloc      ####......   100%        7    ######.
 Discord                  Hex            ###.......   100%        8    #######


Dungeon Overview and Level Annotations

Branches:
Dungeon (12/15)            Temple (1/1) D:6            Lair (5/6) D:10
  Swamp (0/4) Lair:2        Snake (0/4) Lair:4          Orc (1/2) D:10
  Slime: Lair:5-6

Altars:
Ashenzari
Cheibriados
Dithmenos
Elyvilon
Fedhas
Gozag
Hepliaklqana
Kikubaaqudgha
Makhleb
Nemelex Xobeh
Okawaru
Qazlal
Ru
Sif Muna
Trog
Uskayaw
Vehumet
Wu Jian
Xom
Yredelemnul
Zin
The Shining One

Shops:
D:8 }:%[*

Annotations:
Lair:4 3 runed translucent doors, Ratty's ghost, journeyman DEFE; Ratty's ghost, journeyman MiFi


Message History

The blink frog blinks!
The blink frog hits you.
The blink frog blinks! x4
The porcupine completely misses you.
The blink frog hits you but does no damage.
The porcupine bites you but does no damage.
The blink frog hits you.
* * * LOW HITPOINT WARNING * * *
The blink frog hits you!
* * * LOW HITPOINT WARNING * * *
The porcupine bites you.
* * * LOW HITPOINT WARNING * * *
The blink frog hits you!
* * * LOW HITPOINT WARNING * * *
The blink frog barely misses you. The blink frog hits you.
* * * LOW HITPOINT WARNING * * *
The blink frog blinks! x2; The porcupine bites you.
* * * LOW HITPOINT WARNING * * *
The blink frog blinks!
The blink frog hits you but does no damage.
The porcupine bites you!
You die...

P.# .# #.P# #..###
#..###..# ###....#
#P.#P..P### #......#
.?........## #..#..#
#.#....F..P###. ...#.##
##(..........P. ##...#
.......F§...... #....#
.......@r......P...#P.##
....PP#§P....../.. #....
#.... .#......... ##.##
#... F. ....F.....##P...
##. ... ...F... #......
#. .P.# #......#..#####.
# ...# ..#..#.. ## ....
....... # . #


You could see 5 blink frogs and a porcupine.

Vanquished Creatures
  Harold (Lair:1)
  Fannar (D:10)
  4 hydras
  4 two-headed ogres
  Nergalle (D:10)
  Urug (Lair:1)
  2 black mambas (Lair:4)
  Maurice (D:10)
  A guardian serpent (Lair:4)
  Joseph (D:10)
  10 spiny frogs
  4 komodo dragons
  2 rime drakes
  2 kobold demonologists (D:11)
  2 trolls
  Prince Ribbit (Lair:2)
  Grinder (D:5)
  A hornet (D:12)
  5 hippogriffs
  4 blink frogs (Lair:2)
  A vampire (D:11)
  20 yaks
  A wraith (D:10)
  2 wyverns
  A human (D:11)
  3 hogs (D:11)
  Grum (D:9)
  A steam dragon (D:10)
  A warg (Orc:1)
  The ghost of RoseArtemis the Bolt Thrower, an amateur KoHu (D:3)
  6 water moccasins
  5 porcupines
  2 black bears
  Duvessa (D:4)
  A sky beast (D:7)
  5 orc warriors
  8 ogres
  3 phantoms
  12 wolves
  4 centaurs
  8 crocodiles
  4 big kobolds (D:11)
  Blork the orc (D:6)
  13 bullfrogs
  A gnoll sergeant (D:3)
  A wyvern skeleton (D:6)
  Dowan (D:4)
  6 scorpions
  10 killer bees
  2 jellies
  3 wights (D:7)
  7 howler monkeys
  An electric eel (Lair:3)
  11 crimson imps
  A quasit (D:5)
  A bullfrog zombie (D:7)
  5 hounds
  3 centaur skeletons
  4 orc priests
  9 orc wizards
  2 bullfrog skeletons
  6 worker ants
  An iguana (D:7)
  A killer bee zombie (D:5)
  A hound skeleton (D:6)
  A howler monkey zombie (D:6)
  A worker ant zombie (D:5)
  6 gnolls
  A howler monkey skeleton (D:11)
  13 adders
  3 shadow imps
  2 oozes
  An adder zombie (D:6)
  An adder skeleton (D:6)
  A worm (D:3)
  3 dart slugs
  7 leopard geckos
  37 orcs
  11 giant cockroaches
  6 goblins
  9 hobgoblins
  7 jackals
  5 kobolds
  6 quokkas
  9 bats
  7 frilled lizards
  A quokka zombie (D:5)
  3 rats
  2 fungi
  3 plants
377 creatures vanquished.

Vanquished Creatures (others)
  6 fungi
  7 plants
  A withered plant (Lair:4)
14 creatures vanquished.

Grand Total: 391 creatures vanquished

Notes
Turn   | Place    | Note
-------+----------+-------------------------------------------
     0 | D:1      | Hasart the Deep Elf Fire Elementalist began the quest for
                  | the Orb.
     0 | D:1      | Reached XP level 1. HP: 10/10 MP: 6/6
   106 | D:1      | Reached XP level 2. HP: 15/15 MP: 2/8
  1076 | D:2      | Reached XP level 3. HP: 13/19 MP: 5/9
  1946 | D:3      | Found a white marble altar of Elyvilon.
  1984 | D:3      | Reached XP level 4. HP: 16/24 MP: 2/11
  2011 | D:3      | Learned a level 4 spell: Sticky Flame
  2085 | D:3      | Noticed a gnoll sergeant
  2086 | D:3      | Found a transporter.
  2107 | D:3      | Noticed RoseArtemis's ghost (amateur KoHu)
  2163 | D:3      | Found a transporter.
  2198 | D:3      | Found a hazy altar of Hepliaklqana.
  2257 | D:3      | Found a basalt altar of Yredelemnul.
  2329 | D:3      | Found a shimmering altar of Xom.
  2742 | D:4      | HP: 1/24 [worker ant (8)]
  2746 | D:4      | Reached XP level 5. HP: 14/28 MP: 6/12
  2881 | D:4      | Got a jewelled falchion
  2882 | D:4      | Identified the +5 falchion "Cafia" {slice, rElec MP+9 Int+5
                  | Dex-2} (You found it on level 4 of the Dungeon)
  3030 | D:4      | Learned a level 5 spell: Fireball
  3251 | D:4      | Noticed Dowan
  3277 | D:5      | Entered Level 5 of the Dungeon
  3343 | D:5      | Found a shadowy altar of Dithmenos.
  3404 | D:5      | Reached skill level 5 in Fire Magic
  3404 | D:5      | Reached XP level 6. HP: 26/32 MP: 14/14
  3500 | D:5      | Found an iron altar of Okawaru.
  3595 | D:5      | Reached XP level 7. HP: 27/36 MP: 16/16
  3806 | D:5      | Reached skill level 5 in Spellcasting
  3806 | D:5      | Reached skill level 5 in Conjurations
  3893 | D:5      | Noticed Grinder
  3899 | D:5      | Paralysed by Grinder for 4 turns
  3903 | D:5      | Killed Grinder
  4112 | D:6      | Reached skill level 5 in Dodging
  4139 | D:6      | Found a sparkling altar of Nemelex Xobeh.
  4371 | D:6      | Reached XP level 8. HP: 20/41 MP: 18/18
  4527 | D:6      | Found a staircase to the Ecumenical Temple.
  4545 | Temple   | Entered the Ecumenical Temple
  4926 | D:4      | Found a deep blue altar of Sif Muna.
  4929 | D:4      | Became a worshipper of Sif Muna the Loreminder
  5057 | D:4      | Noticed Duvessa
  5059 | D:4      | Killed Dowan
  5061 | D:4      | Killed Duvessa
  5364 | D:6      | Noticed a troll
  5366 | D:6      | Noticed Blork the orc
  5369 | D:6      | Killed a troll
  5372 | D:6      | Killed Blork the orc
  5372 | D:6      | Reached * piety under Sif Muna
  5483 | D:6      | Reached XP level 9. HP: 45/45 MP: 15/21
  5728 | D:7      | Reached skill level 1 in Armour
  5871 | D:7      | Found a shimmering altar of Xom.
  5871 | D:7      | Found an ancient bone altar of Kikubaaqudgha.
  6290 | D:7      | Found a glowing golden altar of the Shining One.
  6324 | D:7      | Reached ** piety under Sif Muna
  6587 | D:8      | Found Dozentu's Antique Armour Shop.
  6587 | D:8      | Found Inuava's General Store.
  6664 | D:8      | Found Qeiq's Book Shoppe.
  6673 | D:8      | Bought a book of Minor Magic for 260 gold pieces
  6676 | D:8      | Learned a level 2 spell: Blink
  6775 | D:8      | Found Zucoych's Food Shop.
  6853 | D:8      | Reached XP level 10. HP: 50/50 MP: 23/23
  6855 | D:8      | Reached skill level 1 in Translocations
  6855 | D:8      | Reached skill level 1 in Invocations
  6977 | D:8      | Found Xawkusk's Gadget Emporium.
  7130 | D:8      | Learned a level 3 spell: Mephitic Cloud
  7383 | D:9      | Identified the Collected Works on Spatial Snow
  7472 | D:9      | Found a hide-covered altar of Uskayaw.
  7770 | D:9      | Noticed Grum
  7774 | D:9      | Reached *** piety under Sif Muna
  7777 | D:9      | Killed Grum
  7825 | D:9      | Noticed a two-headed ogre
  7829 | D:9      | Killed a two-headed ogre
  7829 | D:9      | Reached skill level 10 in Fire Magic
  8037 | D:10     | Entered Level 10 of the Dungeon
  8046 | D:10     | Noticed Maurice
  8052 | D:10     | Killed Maurice
  8145 | D:10     | Found a staircase to the Orcish Mines.
  8331 | D:10     | Noticed Fannar
  8376 | D:10     | Killed Fannar
  8376 | D:10     | Reached skill level 10 in Conjurations
  8376 | D:10     | Reached XP level 11. HP: 54/54 MP: 25/25
  8440 | D:10     | Noticed Nergalle
  8448 | D:10     | Killed Nergalle
  8535 | D:10     | Noticed Joseph
  8540 | D:10     | Killed Joseph
  8741 | D:10     | Reached **** piety under Sif Muna
  8757 | D:10     | Noticed a two-headed ogre
  8761 | D:10     | Killed a two-headed ogre
  8766 | D:10     | Noticed a two-headed ogre
  8769 | D:10     | Killed a two-headed ogre
  8894 | D:10     | Found a staircase to the Lair.
  9225 | Orc:1    | Entered Level 1 of the Orcish Mines
  9325 | Orc:1    | Noticed a stone giant
  9635 | D:11     | Noticed a two-headed ogre
  9638 | D:11     | Killed a two-headed ogre
  9821 | D:11     | Reached skill level 1 in Fighting
 10232 | D:11     | Reached ***** piety under Sif Muna
 10232 | D:11     | Identified Sif Muna's Disquisition on Attacks (Sif Muna
                  | gifted it to you on level 11 of the Dungeon)
 10232 | D:11     | Received a gift from Sif Muna
 10245 | D:11     | Learned a level 6 spell: Iron Shot
 11041 | Lair:1   | Entered Level 1 of the Lair of Beasts
 11052 | Lair:1   | Noticed Urug
 11056 | Lair:1   | Killed Urug
 11056 | Lair:1   | Reached XP level 12. HP: 48/62 MP: 26/27
 11068 | Lair:1   | Reached skill level 5 in Invocations
 11152 | Lair:1   | Reached skill level 10 in Spellcasting
 11152 | Lair:1   | Reached skill level 1 in Earth Magic
 11175 | Lair:1   | Noticed Harold
 11241 | Lair:1   | Killed Harold
 11307 | Lair:1   | Noticed a five-headed hydra
 11310 | Lair:1   | Killed a five-headed hydra
 12287 | Lair:2   | Noticed Prince Ribbit
 12293 | Lair:2   | Killed Prince Ribbit
 12846 | Lair:2   | Found a staircase to the Swamp.
 13306 | Lair:3   | Found a snail-covered altar of Cheibriados.
 14525 | Lair:4   | Found a staircase to the Snake Pit.
 14656 | Lair:4   | Reached skill level 10 in Dodging
 14684 | Lair:4   | Noticed a six-headed hydra
 14698 | Lair:4   | Killed a six-headed hydra
 14698 | Lair:4   | Received a gift from Sif Muna
 14815 | Lair:4   | Found a runed translucent gate.
 14816 | Lair:4   | Found a runed translucent gate.
 14817 | Lair:4   | Found a runed translucent gate.
 14844 | Lair:4   | Reached XP level 13. HP: 68/68 MP: 29/29
 15292 | Lair:4   | Noticed Ratty's ghost (journeyman MiFi)
 15293 | Lair:4   | Noticed Ratty's ghost (journeyman DEFE)
 15613 | Lair:5   | Got a translucent steel ring
 15625 | Lair:5   | Identified the ring of Zuddemeo {rC+ Str+4} (You found it
                  | on level 5 of the Lair of Beasts)
 16021 | D:3      | Killed RoseArtemis's ghost
 16403 | Lair:5   | HP: 2/70 [porcupine (2)]
 16404 | Lair:5   | Slain by a porcupine

Levels and vault maps discovered:
D:1:      dpeg_arrival_rhombus, layout_loops_ring, kennysheep_small_spiral,
          minmay_misc_feat_five, minmay_misc_feat_doors
D:2:      layout_basic
D:3:      layout_basic, kennysheep_ying_yang, nicolae_overflow_hidden_temple,
          gammafunk_ghost_gnarly_gnolls, lemuel_statue_altar
D:4:      layout_basic, corexii_item_surrounded_by_moat, lemuel_blue_sif_altar,
          uniq_duvessa
D:5:      layout_loops_cross, grunt_dithmenos_shadows,
          nicolae_overflow_crystal_walls, first_ration, uniq_grinder
D:6:      minmay_bubble_buster, layout_cave_pools,
          nemelex_xobeh_ov_fountains_minmay, minmay_temple_entry_slanted,
          kennysheep_generic_room_10, uniq_blork_the_orc
D:7:      layout_loops_ring, kennysheep_mini, gammafunk_temple_overflow_wave,
          feat_on_display
D:8:      layout_cave_pools, serial_shops, kennysheep_mini_moat,
          nicolae_shop_trees, shop_fountains, shop, shop
D:9:      layout_irregular_city, basic_altar, uniq_grum
D:10:     layout_loops_ring, erik_lair_dragon, david_orc_2, uniq_joseph,
          uniq_fannar, uniq_maurice, uniq_nergalle
D:11:     layout_rooms, serial_curves, eino_curves_01, eino_curves_02,
          minmay_misc_feat_roman, grunt_livestock, kennysheep_potato
D:12:     layout_loops_corners, item_on_display_a
Temple:   hc_temple_tempest_star
Lair:1:   layout_concentric_octagons, uniq_urug, uniq_harold
Lair:2:   layout_gridlike, swamp_mist, minmay_stone_trees_large,
          lemuel_fruit_tree, lemuel_fruit_fields, infiniplex_staircase_pool_2,
          uniq_prince_ribbit2
Lair:3:   layout_small_grid, basic_altar, serial_bayou_shore_a
Lair:4:   layout_small_grid, minmay_snake_entry_spellcaster,
          gammafunk_ghost_cemetery
Lair:5:   layout_loops_ring, dpeg_slime_entry_enclosed_altar,
          hangedman_lair_generics_rect
Orc:1:    layout_diamond_mine

Skill      XL: |  1  2  3  4  5  6  7  8  9 10 11 12 13 |
---------------+----------------------------------------+-----
Conjurations   | 2 3 4 6 7 8 10 11 12 | 12.5
Dodging        | 3 4 5 6 7 8 9 10 | 10.2
Fire Magic     | 4 5 6 8 9 10 11 12 | 12.8
Spellcasting   | 4 5 6 7 8 9 10 11 | 11.0
Armour         | 2 3 4 |  4.0
Translocations | 3 4 |  4.0
Invocations    | 3 4 6 |  6.5
Fighting       | 1 3 |  3.7
Earth Magic    | 3 4 |  4.1
Stealth        | |  2.4

Action                   |  1- 3 |  4- 6 |  7- 9 | 10-12 | 13-15 || total
-------------------------+-------+-------+-------+-------+-------++-------
Melee: Hand axe          |     3 |       |       |       |       ||     3
       Falchion          |       |    31 |    41 |    47 |       ||   119
       Rapier            |       |     1 |       |       |       ||     1
 Cast: Flame Tongue      |    80 |    53 |   141 |   152 |     3 ||   429
       Sticky Flame      |       |     7 |    25 |    41 |       ||    73
       Fireball          |       |     1 |    27 |   163 |    30 ||   221
       Mephitic Cloud    |       |       |       |     3 |       ||     3
       Iron Shot         |       |       |       |       |     4 ||     4
  Use: Potion            |       |     4 |       |     1 |     1 ||     6
       Scroll            |       |       |     4 |     1 |     1 ||     6
 Stab: Sleeping          |       |       |     1 |       |       ||     1
       Confused          |       |       |       |     1 |       ||     1
  Eat: Chunk             |     4 |     5 |    12 |    39 |     4 ||    64
       Ration            |       |       |     2 |     1 |     1 ||     4
Armor: Robe              |    13 |     9 |    11 |       |       ||    33
       Troll leather arm |       |       |     5 |    33 |    14 ||    52
Dodge: Dodged            |    34 |    53 |    67 |    81 |     8 ||   243
       Rpst.: Falchion   |       |     7 |    19 |    24 |       ||    50

Table legend:
 A = Non-vault XP
 B = Vault XP
 C = Vault XP percentage of total XP
 D = Non-vault monster count
 E = Vault monster count
 F = Vault count percentage of total count
                 A         B        C        D         E       F
            +---------+---------+-------+---------+---------+-------
      Total |   31726 |   11741 |  27.0 |     311 |      61 |  16.4
            +---------+---------+-------+---------+---------+-------
        D:1 |      27 |       0 |   0.0 |      15 |       0 |   0.0
        D:2 |      51 |       0 |   0.0 |      20 |       0 |   0.0
        D:3 |      51 |     319 |  86.2 |      19 |       7 |  26.9
        D:4 |     232 |     202 |  46.5 |      10 |       2 |  16.7
        D:5 |     548 |     273 |  33.3 |      15 |       2 |  11.8
        D:6 |    1102 |     573 |  34.2 |      21 |      13 |  38.2
        D:7 |    1629 |       0 |   0.0 |      31 |       0 |   0.0
        D:8 |    1104 |       0 |   0.0 |      26 |       0 |   0.0
        D:9 |    2656 |     418 |  13.6 |      31 |       3 |   8.8
       D:10 |    3139 |    3919 |  55.5 |      20 |      14 |  41.2
       D:11 |    3861 |    1101 |  22.2 |      24 |       8 |  25.0
       D:12 |     545 |       0 |   0.0 |       6 |       0 |   0.0
     Lair:1 |    3500 |    1860 |  34.7 |      15 |       2 |  11.8
     Lair:2 |    2573 |    1286 |  33.3 |      13 |       5 |  27.8
     Lair:3 |    1389 |       0 |   0.0 |      11 |       0 |   0.0
     Lair:4 |    5795 |     478 |   7.6 |      19 |       1 |   5.0
     Lair:5 |    3159 |    1312 |  29.3 |       8 |       4 |  33.3
      Orc:1 |     365 |       0 |   0.0 |       7 |       0 |   0.0
            +---------+---------+-------+---------+---------+-------
